Unix xNetHack Version 7.1.0 - last build Jun 10 2022 16:52:22 (33bbff3b7d1ce07880d5c4b1c5efc7e91935e5b9). Game began 2022-07-03 19:22:32, ended 2022-07-03 19:30:15. nmlkj, chaotic male human Wizard ------ --------------- ----------- #####.....| |.............| ..........-### |....| |.............|# |.........| |....| ----------- |...........:..#############......(....# |.#..| |..........######@*####-........_...<|# -.--|------# ------ |.........| ---------------# #### ## |.....>...| ########### ### ## |.......).| ## # # # ----------- # ##### # # #### # # ## ####### # #---|-|------- # ------- #-..%........| ####|.)[[[| |...........| #-.[[[[| |...........| |.)[[)| ------------- |.[[[[| ------- Nmlkj the Conjurer St:10 Dx:14 Co:9 In:18 Wi:11 Ch:12 Chaotic S:384 Dlvl:3 $:76 HP:0(30) Pw:32(32) AC:9 Xp:3/52 T:659 FoodPois Latest messages: In what direction? l The spell hits the newt! You kill the newt! What a mess! There is an altar to Ptah (lawful) here. You see here a newt corpse. You hear the footsteps of a guard on patrol. There is an altar to Ptah (lawful) here. You see here a newt corpse. $ - 2 gold pieces {0}. You hear a chugging sound. That door is closed. The door opens. "Hello, nmlkj! Welcome to Birecik's used armor dealership!" You hear someone counting gold coins. $ - 10 gold pieces {0}. In what direction? j Ouch! That hurts! You see here a horn. The door opens. The door opens. In what direction? h The spell hits the acid blob! You kill the acid blob! You see here an acid blob corpse. The door resists! The door resists! The door opens. You feel clumsier! You haven't been working on reflexes lately. You hear Birecik cursing shoplifters. In what direction? j The spell hits the floating eye! You kill the floating eye! o - a scroll labeled VERR YED HORRE {5}. There is an altar to Ptah (lawful) here. You see here a newt corpse. There is an altar to Ptah (lawful) here. You see here a newt corpse. There is an altar to Ptah (lawful) here. You see here a newt corpse. There is a newt corpse here; eat it? [ynq] (n) y Ulch - that meat was tainted! You feel deathly sick. (It must have died too long ago to be safe to eat.) Your sickness feels worse. Your sickness is severe. You are at Death's door. You see here a red gem. You die from your illness. Major events: Turn 1: nmlkj the chaotic male human Wizard entered the dungeon 421: attained the rank of Conjurer (level 3) 659: poisoned by a rotted newt corpse Inventory: Inventory: 361/525 weight (15/52 slots) Coins $ - 76 gold pieces {1} Weapons k - a cursed -1 mithril spear {18} a - a blessed +1 quarterstaff (weapon in hands) {40} Armor b - an uncursed +0 cloak of magic resistance (being worn) {8} Comestibles m - 2 uncursed food rations {40} h - an uncursed tripe ration {10} g - an uncursed lichen corpse {20} n - an uncursed yellow mold corpse {50} Scrolls l - an uncursed scroll of light {5} o - a blessed scroll of teleportation {5} Spellbooks f - an uncursed spellbook of cause fear {45} c - a blessed spellbook of force bolt {35} d - a blessed spellbook of magic missile {40} e - an uncursed spellbook of slow monster {35} Wands i - a wand of striking (0:5) {7} Gems/Stones j - 2 uncursed topaz stones {2} Nmlkj the Wizard's attributes: Background: You were a Conjurer, a level 3 male human Wizard. You were chaotic, on a mission for Anhur who was opposed by Ptah (lawful) and Thoth (neutral). You were heterosexual. You were in the Dungeons of Doom, on level 3. You entered the dungeon 659 turns ago. You had 52 experience points, 28 more were needed to attain level 4. Your score was 384 before end-of-game adjustments. Basics: You had 0 out of 30 hit points. You had all 32 energy points (spell power). Your armor class was 9. Your wallet contained 76 zorkmids. Autopickup was on for '$"?+!=/' plus thrown. Final Characteristics: Your strength was 10 (limit:18/100). Your dexterity was 14 (peak:15, limit:18). Your constitution was 9 (limit:18). Your intelligence was 18 (limit:18). Your wisdom was 11 (limit:18). Your charisma was 12 (limit:18). Final Status: You died from food poisoning. You were not hungry. You were unencumbered. You were wielding a quarterstaff. You had basic skill with quarterstaff. Final Attributes: You were fervently aligned. You were magic-protected. You were warded. You are dead. Miscellaneous: You never encountered a bones level. Total elapsed playing time was 7 minutes and 43 seconds. Vanquished creatures: a floating eye an acid blob a yellow mold 2 gnome zombies 6 jackals 2 goblins a sewer rat 4 grid bugs a bat a lichen a newt 21 creatures vanquished. No species were genocided or became extinct. Voluntary challenges: You were an atheist. You were illiterate. You never genocided any monsters. You never polymorphed an object. You never changed form. You never touched an artifact. You used no wishes. You never owned a pet. You never scared an enemy with impunity. You were celibate. You never generated conflict. Achievements: You attained the rank of Conjurer. You entered a shop. The Dungeons of Doom: levels 1 to 3 Level 1: A sink. Level 2: Level 3: <- You were here. An armor shop, an altar, a tree. Final resting place for you, poisoned by a rotted newt corpse. Game over: __________ / \ / REST \ / IN \ / PEACE \ / \ | nmlkj | | 76 Au | | poisoned by a | | rotted newt | | corpse | | | | 2022 | *| * * * | * _________)/\\_//(\/(/\)/\//\/|_)_______ Goodbye nmlkj the Wizard... You were poisoned in The Dungeons of Doom on dungeon level 3 with 377 points, and 76 pieces of gold, after 659 moves. You were level 3 with a maximum of 30 hit points when you were poisoned.